Unix NetHack Version 3.7.0-65 Work-in-progress - last build Sep 26 2022 05:48:34 (a9070be95fe145525c880ceec589f5104d392f49,branch:master).

Game began 2022-10-01 18:10:03, ended 2022-10-01 19:02:36.

Gandelf, neutral male human Monk

  
stone
stone
stone
stone
stone
stone
stone
stone
stone
stone
stone
stone
stone
stone
stone
stone
stone
stone
stone
stone
stone
stone
stone
stone
stone
stone
stone
stone
stone
stone
stone
stone
stone
stone
stone
stone
stone
stone
stone
stone
stone
stone
stone
stone
stone
stone
stone
stone
stone
stone
stone
stone
stone
stone
stone
stone
stone
stone
stone
stone
stone
stone
stone
stone
stone
stone
stone
stone
stone
stone
stone
stone
stone
stone
stone
stone
stone
stone
stone
stone
stone
stone
stone
stone
stone
stone
stone
stone
stone
stone
stone
stone
stone
stone
stone
stone
stone
stone
stone
stone
stone
stone
stone
stone
stone
stone
stone
stone
stone
stone
stone
stone
stone
stone
stone
stone
stone
stone
stone
stone
stone
stone
stone
stone
stone
stone
stone
stone
stone
stone
stone
stone
stone
stone
stone
stone
stone
stone
stone
stone
stone
stone
stone
stone
stone
stone
stone
stone
stone
stone
stone
stone
stone
stone
stone
stone
stone
stone
stone
stone
stone
stone
stone
stone
stone
stone
stone
stone
stone
stone
stone
stone
stone
stone
stone
stone
stone
stone
stone
stone
stone
stone
stone
stone
stone
stone
stone
stone
stone
stone
stone
stone
stone
stone
stone
stone
stone
stone
stone
stone
stone
stone
stone
stone
stone
stone
stone
stone
stone
stone
stone
stone
stone
stone
stone
stone
stone
stone
stone
stone
stone
stone
stone
stone
stone
stone
stone
stone
stone
stone
stone
stone
stone
stone
stone
stone
stone
stone
stone
stone
stone
stone
stone
stone
stone
stone
stone
stone
stone
stone
stone
stone
stone
stone
stone
stone
stone
stone
stone
stone
stone
stone
stone
stone
stone
stone
stone
stone
stone
stone
stone
stone
stone
stone
stone
stone
stone
stone
stone
stone
stone
stone
stone
stone
stone
stone
stone
stone
stone
stone
stone
stone
stone
stone
stone
stone
stone
stone
stone
stone
stone
stone
stone
stone
stone
stone
stone
stone
stone
stone
stone
stone
stone
stone
stone
stone
stone
stone
stone
stone
stone
stone
stone
stone
stone
stone
stone
stone
stone
stone
stone
stone
stone
stone
stone
stone
stone
stone
stone
stone
stone
stone
stone
stone
stone
stone
stone
stone
stone
stone
stone
stone
stone
stone
stone
stone
stone
stone
stone
stone
stone
stone
stone
stone
stone
stone
stone
stone
stone
stone
stone
stone
stone
stone
stone
stone
stone
stone
stone
stone
stone
stone
stone
stone
stone
stone
stone
stone
stone
stone
stone
stone
stone
stone
stone
stone
stone
stone
stone
stone
stone
stone
stone
stone
stone
stone
stone
stone
stone
stone
stone
stone
stone
stone
stone
stone
stone
stone
stone
stone
stone
stone
stone
stone
stone
stone
stone
wall
wall
wall
wall
wall
wall
wall
wall
stone
stone
stone
wall
wall
wall
wall
stone
stone
stone
stone
stone
stone
stone
stone
stone
stone
stone
stone
stone
stone
stone
stone
stone
stone
stone
stone
stone
stone
stone
stone
stone
stone
stone
stone
stone
stone
stone
stone
stone
stone
stone
stone
stone
stone
stone
stone
stone
stone
stone
stone
stone
stone
stone
stone
stone
stone
stone
stone
stone
stone
stone
stone
stone
stone
stone
stone
stone
stone
stone
stone
wall
.dark part of a room
.dark part of a room
.dark part of a room
.dark part of a room
.dark part of a room
.dark part of a room
wall
wall
wall
wall
wall
.dark part of a room
.floor of a room
wall
stone
stone
stone
stone
stone
stone
stone
stone
stone
stone
stone
stone
stone
stone
stone
stone
stone
stone
stone
stone
stone
stone
stone
stone
stone
stone
stone
stone
stone
stone
stone
stone
stone
stone
stone
stone
stone
stone
stone
stone
stone
stone
stone
stone
stone
stone
stone
stone
stone
stone
stone
stone
stone
stone
stone
stone
stone
stone
stone
stone
stone
stone
stone
stone
wall
.dark part of a room
.dark part of a room
.dark part of a room
.dark part of a room
.dark part of a room
.dark part of a room
.dark part of a room
.dark part of a room
)a spear
[a leather armor
)a short sword
.dark part of a room
.floor of a room
wall
stone
stone
stone
stone
stone
stone
stone
stone
stone
stone
stone
stone
stone
stone
stone
stone
stone
stone
stone
stone
stone
stone
stone
stone
stone
stone
stone
stone
stone
stone
stone
stone
stone
stone
stone
stone
stone
stone
stone
stone
stone
stone
stone
stone
stone
stone
stone
stone
stone
stone
stone
stone
stone
stone
stone
stone
stone
stone
stone
stone
stone
stone
stone
stone
wall
.dark part of a room
.dark part of a room
.dark part of a room
.dark part of a room
.dark part of a room
.dark part of a room
wall
wall
wall
wall
wall
wall
.floor of a room
wall
stone
stone
stone
stone
stone
stone
stone
stone
stone
stone
stone
stone
stone
stone
stone
stone
stone
stone
stone
stone
stone
stone
stone
stone
stone
stone
stone
stone
stone
stone
stone
stone
stone
stone
stone
stone
stone
stone
stone
stone
stone
stone
stone
stone
stone
stone
stone
stone
stone
stone
stone
stone
stone
stone
stone
stone
stone
stone
stone
stone
stone
stone
stone
stone
wall
.dark part of a room
.dark part of a room
%a tin of giant spider meat
.dark part of a room
.dark part of a room
.dark part of a room
wall
stone
stone
stone
stone
wall
.floor of a room
wall
stone
stone
stone
stone
stone
stone
stone
stone
stone
stone
stone
stone
stone
stone
stone
stone
stone
stone
stone
stone
stone
stone
stone
stone
stone
stone
stone
stone
stone
stone
stone
stone
stone
stone
stone
stone
stone
stone
stone
stone
stone
stone
stone
stone
stone
stone
stone
stone
stone
stone
stone
stone
stone
stone
stone
stone
stone
stone
stone
stone
stone
stone
stone
stone
wall
wall
wall
wall
wall
.dark part of a room
wall
wall
wall
wall
wall
wall
wall
@soldier
wall
stone
stone
stone
stone
stone
stone
stone
stone
stone
stone
stone
stone
stone
stone
stone
stone
stone
stone
stone
stone
stone
stone
stone
stone
stone
stone
stone
stone
stone
stone
stone
stone
stone
stone
stone
stone
stone
stone
stone
stone
stone
stone
stone
stone
stone
stone
stone
stone
stone
stone
stone
stone
stone
stone
stone
stone
stone
stone
stone
stone
stone
stone
stone
stone
wall
.dark part of a room
.dark part of a room
.dark part of a room
.dark part of a room
.dark part of a room
wall
.dark part of a room
.dark part of a room
.dark part of a room
.dark part of a room
wall
wall
@human monk called Gandelf
wall
stone
stone
stone
stone
stone
stone
stone
stone
stone
stone
stone
stone
stone
stone
stone
stone
stone
stone
stone
stone
stone
stone
stone
stone
stone
stone
stone
stone
stone
stone
stone
stone
stone
stone
stone
stone
stone
stone
stone
stone
stone
stone
stone
stone
stone
stone
stone
stone
stone
stone
stone
stone
stone
stone
stone
stone
stone
stone
stone
stone
stone
stone
stone
stone
wall
.dark part of a room
.dark part of a room
.dark part of a room
.dark part of a room
.dark part of a room
wall
0a boulder
0a boulder
0a boulder
.dark part of a room
wall
wall
bgelatinous cube
wall
stone
stone
stone
stone
stone
stone
stone
stone
stone
stone
stone
stone
stone
stone
stone
stone
stone
stone
stone
stone
stone
stone
stone
stone
stone
stone
stone
stone
stone
stone
stone
stone
stone
stone
stone
stone
stone
stone
stone
stone
stone
stone
stone
stone
stone
stone
stone
stone
stone
stone
stone
stone
stone
stone
stone
stone
stone
stone
stone
stone
stone
stone
stone
stone
wall
.dark part of a room
.dark part of a room
.dark part of a room
.dark part of a room
.dark part of a room
)a short sword
.dark part of a room
.dark part of a room
.dark part of a room
.dark part of a room
wall
wall
^pit
wall
stone
stone
stone
stone
stone
stone
stone
stone
stone
stone
stone
stone
stone
stone
stone
stone
stone
stone
stone
stone
stone
stone
stone
stone
stone
stone
stone
stone
stone
stone
stone
stone
stone
stone
stone
stone
stone
stone
stone
stone
stone
stone
stone
stone
stone
stone
stone
stone
stone
stone
stone
stone
stone
stone
stone
stone
stone
stone
stone
stone
stone
stone
stone
stone
wall
%some eggs
.dark part of a room
.dark part of a room
.dark part of a room
wall
wall
wall
.dark part of a room
.dark part of a room
1unknown creature causing you concern
>branch staircase down
wall
<staircase up
wall
stone
stone
stone
stone
stone
stone
stone
stone
stone
stone
stone
stone
stone
stone
stone
stone
stone
stone
stone
stone
stone
stone
stone
stone
stone
stone
stone
stone
stone
stone
stone
stone
stone
stone
stone
stone
stone
stone
stone
stone
stone
stone
stone
stone
stone
stone
stone
stone
stone
stone
stone
stone
stone
stone
stone
stone
stone
stone
stone
stone
stone
stone
stone
stone
wall
wall
wall
wall
wall
wall
stone
wall
wall
wall
wall
wall
wall
wall
wall
stone
stone
stone
stone
stone
stone
stone
stone
stone
stone
stone
stone
stone
stone
stone
stone
stone
stone
stone
stone
stone
stone
stone
stone
stone
stone
stone
stone
stone
stone
stone
stone
stone
stone
stone
stone
stone
stone
stone
stone
stone
stone
stone
stone
stone
stone
stone
stone
stone
stone
stone
stone
stone
stone
stone
stone
stone
stone
stone
stone
stone
stone
stone
stone
stone
stone
stone
stone
stone
stone
stone
stone
stone
stone
stone
stone
stone
stone
stone
stone
stone
stone
stone
stone
stone
stone
stone
stone
stone
stone
stone
stone
stone
stone
stone
stone
stone
stone
stone
stone
stone
stone
stone
stone
stone
stone
stone
stone
stone
stone
stone
stone
stone
stone
stone
stone
stone
stone
stone
stone
stone
stone
stone
stone
stone
stone
stone
stone
stone
stone
stone
stone
stone
stone
stone
stone
stone
stone
stone
stone
stone
stone
stone
stone
stone
stone
stone
stone
stone
stone
stone
stone
stone
stone
stone
stone
stone
stone
stone
stone
stone
stone
stone
stone
stone
stone
stone
stone
stone
stone
stone
stone
stone
stone
stone
stone
stone
stone
stone
stone
stone
stone
stone
stone
stone
stone
stone
stone
stone
stone
stone
stone
stone
stone
stone
stone
stone
stone
stone
stone
stone
stone
stone
stone
stone
stone
stone
stone
stone
stone
stone
stone
stone
stone
stone
stone
stone
stone
stone
stone
stone
stone
stone
stone
stone
stone
stone
stone
stone
stone
stone
stone
stone
stone
stone
stone
stone
stone
stone
stone
stone
stone
stone
stone
stone
stone
stone
stone
stone
stone
stone
stone
stone
stone
stone
stone
stone
stone
stone
stone
stone
stone
stone
stone
stone
stone
stone
stone
stone
stone
stone
stone
stone
stone
stone
stone
stone
stone
stone
stone
stone
stone
stone
stone
stone
stone
stone
stone
stone
stone
stone
stone
stone
stone
stone
stone
stone
stone
stone
stone
stone
stone
stone
stone
stone
stone
stone
stone
stone
stone
stone
stone
stone
stone
stone
stone
stone
stone
stone
stone
stone
stone
stone
stone
stone
stone
stone
stone
stone
stone
stone
stone
stone
stone
stone
stone
stone
stone
stone
stone
stone
stone
stone
stone
stone
stone
stone
stone
stone
stone
stone
stone
stone
stone
stone
stone
stone
stone
stone
stone
stone
stone
stone
stone
stone
stone
stone
stone
stone
stone
stone
stone
stone
stone
stone
stone
stone
stone
stone
stone
stone
stone
stone
stone
stone
stone
stone
stone
stone
stone
stone
stone
stone
stone
stone
stone
stone
stone
stone
stone
stone
stone
stone
stone
stone
stone
stone
stone
stone
stone
stone
stone
stone
stone
stone
stone
stone
stone
stone
stone
stone
stone
stone
stone
stone
stone
stone
[Gandelf the Initiate ] St:15 Dx:13 Co:12 In:13 Wi:13 Ch:13 Neutral S:6529 Dlvl:7 $:285 HP:0(51) Pw:31(41) AC:0 Xp:8/1471 T:5938 Burdened

Latest messages:

There are several objects here.
You have a little trouble lifting O - a K-ration.
You have a little trouble lifting B - a diamond ring.
There are several objects here.
Your knapsack cannot accommodate any more items.
There are several objects here.
You see here a spear.
You see here a chameleon corpse.
You hit the soldier.
The soldier wields a short sword!
The soldier wields a dagger!
The dagger welds itself to the soldier's hand!
You hit the soldier!
The soldier thrusts her short sword.
The soldier hits!
You miss the soldier.
You hit the soldier!
The soldier thrusts her short sword.
The soldier hits!
You miss the soldier.
The soldier thrusts her short sword.
The soldier hits!
You hit the soldier!
The soldier turns to flee.
You kill the soldier!
You see here a spear.
You see here a spear.
There are several objects here.
With great effort you move the boulder.
The boulder falls into the pit.
The boulder hits the gelatinous cube!
The boulder fills a pit.
You hit the gelatinous cube!
You are frozen by the gelatinous cube!
The gelatinous cube touches you!
The soldier throws a spear!
A spear misses you.
The gelatinous cube touches you!
The gelatinous cube touches you!
The soldier tries to wield a short sword.
The soldier's dagger is welded to her hand!
You can move again.
You hit the gelatinous cube!
You are frozen by the gelatinous cube!
The gelatinous cube touches you!
The soldier thrusts her dagger.
The soldier hits!
The gelatinous cube touches you!
You die...
Do you want your possessions identified? [ynq] (y) q

Inventory:

Coins

$ - 285 gold pieces

Amulets

V - an uncursed amulet of unchanging (being worn)

Weapons

n - 4 blessed +1 arrows
w - 12 +0 darts
U - 7 cursed -2 shuriken
M - 5 blessed +0 daggers
x - 12 +0 daggers

Armor

L - an uncursed +2 dwarvish iron helm (being worn)
k - an uncursed burnt +2 pair of leather gloves (being worn)
q - an uncursed +0 pair of iron shoes (being worn)
s - an uncursed burnt +1 robe (being worn)

Comestibles

g - 6 uncursed apples
f - 2 uncursed food rations
O - an uncursed K-ration
h - 6 uncursed oranges
T - an uncursed pancake
v - an uncursed sprig of wolfsbane
u - an uncursed tripe ration
W - 2 uncursed tripe rations

Scrolls

X - an uncursed scroll of amnesia
o - 2 uncursed scrolls of blank paper
d - an uncursed scroll of charging
l - an uncursed scroll of earth
c - 2 uncursed scrolls of identify
F - an uncursed scroll of magic mapping
H - an uncursed scroll of stinking cloud
r - an uncursed scroll of teleportation

Spellbooks

i - an uncursed spellbook of cure blindness
D - an uncursed spellbook of detect monsters
j - an uncursed spellbook of invisibility
N - an uncursed spellbook of restore ability

Potions

I - 3 uncursed potions of water
Y - 4 uncursed potions of water

Rings

J - an uncursed ring of cold resistance
B - an uncursed ring of fire resistance

Wands

t - a wand of secret door detection (0:13)

Tools

C - a blessed magic lamp
a - an uncursed magic whistle
m - an uncursed skeleton key
S - a cursed skeleton key
A - an uncursed stethoscope
b - an uncursed towel

Gems/Stones

P - an uncursed obsidian stone
y - a cursed worthless piece of black glass
Q - an uncursed worthless piece of blue glass
e - 2 uncursed worthless pieces of green glass
E - an uncursed worthless piece of green glass
K - an uncursed worthless piece of red glass
Z - an uncursed worthless piece of red glass
R - an uncursed worthless piece of violet glass
z - a cursed worthless piece of violet glass
p - an uncursed worthless piece of yellowish brown glass
G - 6 uncursed flint stones

Gandelf the Monk's attributes:


Background:

You were an Initiate, a level 8 male human Monk.
You were neutral, on a mission for Chih Sung-tzu
who was opposed by Shan Lai Ching (lawful) and Huan Ti (chaotic).
You were in Sokoban, on level 7.
You entered the dungeon 5938 turns ago.
You had 1471 experience points, 1089 more were needed to attain level 9.
Your score was 6529 before end-of-game adjustments.

Basics:

You had 0 out of 51 hit points.
You had 31 out of 41 energy points (spell power).
Your armor class was 0.
Your wallet contained 285 zorkmids.
Autopickup was off.

Final Characteristics:

Your strength was 15 (limit:18/100).
Your dexterity was 13 (limit:18).
Your constitution was 12 (limit:18).
Your intelligence was 13 (limit:18).
Your wisdom was 13 (limit:18).
Your charisma was 13 (limit:18).

Final Status:

You were not hungry.
You were burdened; movement was slightly slowed.
You were empty handed.
You had basic skill with martial arts and could have enhanced that.

Final Attributes:

You were piously aligned.
You were sleep resistant.
You were poison resistant.
You saw invisible.
You were warned.
You were stealthy.
You were guarded.
You could not change from your current form.
You were fast.
You are dead.

Miscellaneous:
You never encountered a bones level.
Total elapsed playing time was 52 minutes and 33 seconds.

Major events:

Turn

1: Gandelf the neutral male human Monk entered the dungeon
263: entered the Gnomish Mines
313: attained the rank of Novice (level 3)
819: reached Mine Town
987: attained the rank of Initiate (level 6)
5376: entered Sokoban
5938: killed by a gelatinous cube, while frozen

Vanquished creatures:

a small mimic
3 soldiers
2 chameleons
a giant beetle
a lynx
a leprechaun
an orc-captain
a black light
an orc mummy
a lizard
a dog
a dust vortex
a raven
a plains centaur
a snake
an ape
3 soldier ants
a fire ant
a bugbear
2 water nymphs
an orc shaman
2 rock moles
2 fog clouds
a yellow light
7 gnome leaders
2 gnomish wizards
a kobold mummy
a paper golem
5 giant ants
a kitten
7 dwarves
a homunculus
2 hill orcs
2 rothes
a centipede
4 orc zombies
3 dwarf zombies
a wererat
a werejackal
an iguana
3 acid blobs
2 coyotes
3 hobbits
3 manes
a hobgoblin
a giant rat
2 green molds
2 red molds
26 gnomes
a garter snake
2 geckos
a jackal
2 kobolds
4 goblins
11 sewer rats
2 grid bugs
a bat
2 lichens
a kobold zombie
2 newts
144 creatures vanquished.
No species were genocided or became extinct.

Voluntary challenges:

You followed a strict vegan diet.
You never hit with a wielded weapon.
You read items or engraved 3 times.
You never engraved Elbereth.
You never genocided any monsters.
You never polymorphed an object.
You never changed form.
You used no wishes.
You did not violate any of the special Sokoban rules.

Achievements:

You entered the Gnomish Mines.
You attained the rank of Novice.
You entered Minetown.
You entered a temple.
You entered a shop.
You attained the rank of Initiate.
You entered Sokoban.

The Dungeons of Doom: levels 1 to 8

   Level 1:
Level 2:
A fountain, a sink.
Stairs down to The Gnomish Mines.
Level 3:
A general store.
Level 4:
Level 5:
A health food store.
Level 6:
A fountain.
Level 7:
Level 8:
A grave.
Stairs up to Sokoban, level 7.

The Gnomish Mines: levels 3 to 6

   Level 3:
Level 4:
Level 5:
Level 6:
Many shops, a temple, many fountains.

Sokoban:

   Level 7: <- You were here.
Unsolved.
Final resting place for
you, killed by a gelatinous cube, while frozen.

Game over:

----------
/ \
/ REST \
/ IN \
/ PEACE \
/ \
| Gandelf |
| 285 Au |
| killed by a |
| gelatinous cube |
| |
| |
| 2022 |
*| * * * | *
_________)/\\_//(\/(/\)/\//\/|_)_______

Goodbye Gandelf the Monk...


You died in Sokoban on dungeon level 7 with 6501 points,
and 285 pieces of gold, after 5938 moves.
You were level 8 with a maximum of 51 hit points when you died.